Workbook

Sheet Índice
A2: ALCALDÍA DE SANTIAGO DE CALI
A3: DEPARTAMENTO ADMINISTRATIVO DE PLANEACIÓN
A4: PLAN ESTADÍSTICO DISTRITAL DE SANTIAGO DE CALI
A5: 2024
A7: ÍNDICE DE CAPACIDAD ESTADÍSTICA DISTRITAL (ICED) 2024
A9: DEPARTAMENTO ADMINISTRATIVO DE CONTRATACIÓN PÚBLICA
A11: A. | B11: Resultado global
B12: Resultado del organismo desagregado por dimensiones
A13: B. | B13: Resultado por dimensiones
B14: Resultados de las dimensiones, desagregado por subdimensiones
A15: C. | B15: Entorno institucional
B16: Resultado de la dimensión Entorno Institucional, desagregado por subdimensión y por pregunta.
A17: D. | B17: Infraestructura
B18: Resultado de la dimensión Infraestructura, desagregado por subdimensión y por pregunta
A19: E. | B19: Metodología estadística
B20: Resultado de la dimensión Metodología estadística, desagregado por subdimensión y por pregunta
A21: F. | B21: Accesibilidad y uso
B22: Resultado de la dimensión Accesibilidad y uso, desagregado por subdimensión y por pregunta
A24: Alcaldía de Santiago de Cali
A25: Departamento Administrativo de Planeación
A26: Subdirección de Desarrollo Integral
A27: Grupo de Estadísticas Distritales
A28: Plan Estadístico Distrital
A30: Contacto
A31: Correo: planestadistico@cali.gov.co
A32: 2024

Sheet A. Resultado global
A2: ALCALDÍA DE SANTIAGO DE CALI
A3: DEPARTAMENTO ADMINISTRATIVO DE PLANEACIÓN
A4: PLAN ESTADÍSTICO DISTRITAL DE SANTIAGO DE CALI
A5: 2024
A7: ÍNDICE DE CAPACIDAD ESTADÍSTICA DISTRITAL (ICED) 2024
A9: =Índice!A9 -> DEPARTAMENTO ADMINISTRATIVO DE CONTRATACIÓN PÚBLICA
A10: Resultado global del Índice de Capacidad Estadística Distrital
B17: Dimensión | C17: N° | D17: Ponderación | E17: Restulado obtenido | F17: Resultado ponderado
B18: Entorno institucional | C18: 1 | D18: 0.25 | E18: ='B. Resultado por dimensiones'!G16 -> 0.75694444 | F18: =E18*D18 -> 0.18923611
B19: Infraestructura | C19: 2 | D19: 0.25 | E19: ='B. Resultado por dimensiones'!G23 -> 0.90277778 | F19: =E19*D19 -> 0.22569444
B20: Metodología estadística | C20: 3 | D20: 0.25 | E20: ='B. Resultado por dimensiones'!G31 -> 0.66666667 | F20: =E20*D20 -> 0.16666667
B21: Accesibilidad y uso | C21: 4 | D21: 0.25 | E21: ='B. Resultado por dimensiones'!G37 -> 0.47569444 | F21: =E21*D21 -> 0.11892361
B22: RI | C22: Resultado del Índice | F22: =SUM(F18:F21) -> 0.70052083
B42: Fuente: Estadísticas Distritales - DAP, Alcaldía de Santiago de Cali
B43: Nota: el resultado del índice se presenta como un promedio simple y ponderado de las dimensiones.
B44: Nota: los resultados del índice a nivel de dimensiones y subdimensiones pueden variar año a año en función del reporte en el FICED.
B45: Actualizado Noviembre 2024

Sheet Desplegables
A1: ORGANISMOS
A2: DEPARTAMENTO ADMINISTRATIVO DE CONTRATACIÓN PÚBLICA
A3: DEPARTAMENTO ADMINISTRATIVO DE CONTROL DISCIPLINARIO INTERNO
A4: DEPARTAMENTO ADMINISTRATIVO DE CONTROL INTERNO
A5: DEPARTAMENTO ADMINISTRATIVO DE DESARROLLO E INNOVACIÓN INSTITUCIONAL
A6: DEPARTAMENTO ADMINISTRATIVO DE GESTIÓN JURÍDICA PÚBLICA
A7: DEPARTAMENTO ADMINISTRATIVO DE HACIENDA MUNICIPAL
A8: DEPARTAMENTO ADMINISTRATIVO DE LA GESTIÓN DEL MEDIO AMBIENTE
A9: DEPARTAMENTO ADMINISTRATIVO DE PLANEACIÓN MUNICIPAL
A10: DEPARTAMENTO ADMINISTRATIVO TECNOLOGÍAS DE LA INFORMACIÓN Y LAS COMUNICACIONES
A11: SECRETARIA DE BIENESTAR SOCIAL
A12: SECRETARÍA DE CULTURA
... A30: UNIDAD ADMINISTRATIVA ESPECIAL TEATRO MUNICIPAL ENRIQUE BUENAVENTURA

Sheet B. Resultado por dimensiones
A2: ALCALDÍA DE SANTIAGO DE CALI
A3: DEPARTAMENTO ADMINISTRATIVO DE PLANEACIÓN
A4: PLAN ESTADÍSTICO DISTRITAL DE SANTIAGO DE CALI
A5: 2024
A7: ÍNDICE DE CAPACIDAD ESTADÍSTICA DISTRITAL (ICED) 2024
A9: =Índice!A9 -> DEPARTAMENTO ADMINISTRATIVO DE CONTRATACIÓN PÚBLICA
A10: Resultado por Dimensiones
B13: Dimensión | C13: N° | D13: Subdimensión | E13: Ponderación | F13: Resultado obtenido | G13: Resultado ponderado
B14: Entorno institucional | C14: 1 | D14: Marco institucional | E14: 0.5 | F14: ='C. Entorno institucional'!F45 -> 0.875 | G14: =E14*F14 -> 0.4375
C15: 2 | D15: Gestión del conocimiento | E15: 0.5 | F15: ='C. Entorno institucional'!F52 -> 0.63888889 | G15: =F15*E15 -> 0.31944444
C16: RDI | D16: Resultado Dimensión Entorno institucional | G16: =SUM(G14:G15) -> 0.75694444
B20: Dimensión | C20: N° | D20: Subdimensión | E20: Ponderación | F20: Resultado obtenido | G20: Resultado ponderado
B21: Infraestructura | C21: 1 | D21: Recursos humanos, recursos financieros y recursos técnológicos | E21: 0.5 | F21: ='D. Infraestructura'!F72 -> 1 | G21: =F21*E21 -> 0.5
C22: 2 | D22: Herramientas de gestión y procesamiento | E22: 0.5 | F22: ='D. Infraestructura'!F82 -> 0.80555556 | G22: =F22*E22 -> 0.40277778
C23: RDI | D23: Resultado Dimensión Infraestructura | G23: =SUM(G21:G22) -> 0.90277778
B27: Dimensión | C27: N° | D27: Subdimensión | E27: Ponderación | F27: Resultado obtenido | G27: Resultado ponderado
B28: Metodología estadística | C28: 1 | D28: Operaciones estadísticas | E28: =1/3 -> 0.33333333 | F28: ='E. Metodología estadística'!F106 -> 0.5 | G28: =F28*E28 -> 0.16666667
C29: 2 | D29: Indicadores | E29: =1/3 -> 0.33333333 | F29: ='E. Metodología estadística'!F114 -> 1 | G29: =F29*E29 -> 0.33333333
C30: 3 | D30: Analítica de datos | E30: =1/3 -> 0.33333333 | F30: ='E. Metodología estadística'!F122 -> 0.5 | G30: =F30*E30 -> 0.16666667
C31: RDI | D31: Resultado Dimensión Metodología estadística | G31: =SUM(G28:G30) -> 0.66666667
B34: Dimensión | C34: N° | D34: Subdimensión | E34: Ponderación | F34: Resultado obtenido | G34: Resultado ponderado
B35: Accesibilidad y uso | C35: 1 | D35: Disponibilidad y uso | E35: =1/2 -> 0.5 | F35: ='F. Accesibilidad y uso'!F69 -> 0.63888889 | G35: =F35*E35 -> 0.31944444
C36: 2 | D36: Accesibilidad | E36: =1/2 -> 0.5 | F36: ='F. Accesibilidad y uso'!F79 -> 0.3125 | G36: =F36*E36 -> 0.15625
C37: RDI | D37: Resultado Dimensión Accesibilidad y uso | G37: =SUM(G35:G36) -> 0.47569444
B42: Fuente: Estadísticas Distritales - DAP, Alcaldía de Santiago de Cali
B43: Nota: el resultado del índice se presenta como un promedio simple y ponderado de las dimensiones.
B44: Nota: los resultados del índice a nivel de dimensiones y subdimensiones pueden variar año a año en función del reporte en el FICED.
B45: Actualizado Noviembre 2024

Sheet C. Entorno institucional
A2: ALCALDÍA DE SANTIAGO DE CALI
A3: DEPARTAMENTO ADMINISTRATIVO DE PLANEACIÓN
A4: PLAN ESTADÍSTICO DISTRITAL DE SANTIAGO DE CALI
A5: 2024
A7: Entorno institucional
A9: ¿Qué mide? Evalúa el marco normativo, organizativo y de gobernanza que apoya la producción estadística dentro de cada organismo de la Alcaldía de Santiago de Cali.
B11: No | C11: Pregunta | D11: Respuestas | E11: Celda | F11: Dimensiones | G11: Subdimension | H11: Aplica Calculo | I11: Evaluacion_respuesta | J11: Poneracion pregunta | K11: Calculo_ponderacion
B12: 6 | C12: Tiene funciones relacionadas con la generación, procesamiento, reporte o difusión de información estadística | D12: Sí | E12: 6 | F12: Entorno Institucional | G12: Marco Institucional | H12: Si | I12: 1 | J12: 0.25 | K12: 0.25
B13: 7 | C13: Tiene procedimientos relacionadas con la generación, procesamiento, reporte o difusión de información estadística | D13: Sí | E13: 8 | F13: Entorno Institucional | G13: Marco Institucional | H13: Si | I13: 1 | J13: 0.25 | K13: 0.25
B14: 8.1 | C14: Tiene planes de trabajo con actividades especificas de generación, procesamiento, reporte o difusión de información estadística | D14: X | E14: 38 | F14: Entorno Institucional | G14: Marco Institucional | H14: Si | I14: 0.25 | J14: 0.25 | K14: 0.0625
B15: 8.2 | C15: Tiene planes de acción con actividades especificas de generación, procesamiento, reporte o difusión de información estadística | E15: 40 | F15: Entorno Institucional | G15: Marco Institucional | H15: Si | I15: No aplica | J15: 0.25 | K15: #VALUE!
B16: 8.3 | C16: Tiene programas con actividades especificas de generación, procesamiento, reporte o difusión de información estadística | D16: X | E16: 42 | F16: Entorno Institucional | G16: Marco Institucional | H16: Si | I16: 0.25 | J16: 0.25 | K16: 0.0625
B17: 8.4 | C17: Tiene proyectos con actividades especificas de generación, procesamiento, reporte o difusión de información estadística | D17: X | E17: 44 | F17: Entorno Institucional | G17: Marco Institucional | H17: Si | I17: 0.25 | J17: 0.25 | K17: 0.0625
B18: 8.5 | C18: No incluye estas actividades en las herramientas de planificación | E18: 46 | F18: Entorno Institucional | G18: Marco Institucional | H18: Si | I18: No aplica | J18: 0.25 | K18: #VALUE!
B19: 9.1 | C19: Tiene planes de trabajo con actividades especificas para el fortalecimiento de la información estadística | D19: X | E19: 47 | F19: Entorno Institucional | G19: Marco Institucional | H19: Si | I19: 0.25 | J19: 0.25 | K19: 0.0625
B20: 9.2 | C20: Tiene planes de acción con actividades especificas para el fortalecimiento de la información estadística | E20: 49 | F20: Entorno Institucional | G20: Marco Institucional | H20: Si | I20: No aplica | J20: 0.25 | K20: #VALUE!
B21: 9.3 | C21: Tiene programas con actividades especificas para el fortalecimiento de la información estadística | D21: X | E21: 51 | F21: Entorno Institucional | G21: Marco Institucional | H21: Si | I21: 0.25 | J21: 0.25 | K21: 0.0625
B22: 9.4 | C22: Tiene proyectos con actividades especificas para el fortalecimiento de la información estadística | D22: X | E22: 53 | F22: Entorno Institucional | G22: Marco Institucional | H22: Si | I22: 0.25 | J22: 0.25 | K22: 0.0625
B23: 9.5 | C23: No incluye estas actividades en las herramientas de planificación | E23: 55 | F23: Entorno Institucional | G23: Marco Institucional | H23: Si | I23: No aplica | J23: 0.25 | K23: #VALUE!
B24: 10.1 | C24: Participa activamente actividades de fortalecimiento de competencias estadísticas | E24: 56 | F24: Entorno Institucional | G24: Gestión del conocimiento | H24: Si | I24: No aplica | J24: 0.33333333 | K24: #VALUE!
B25: 10.2 | C25: Participa ocasionalmente actividades de fortalecimiento de competencias estadísticas | D25: X | E25: 58 | F25: Entorno Institucional | G25: Gestión del conocimiento | H25: Si | I25: 0.66666667 | J25: 0.33333333 | K25: 0.22222222
B26: 10.3 | C26: Participa de manera limitada en actividades de fortalecimiento de competencias estadísticas | E26: 60 | F26: Entorno Institucional | G26: Gestión del conocimiento | H26: Si | I26: No aplica | J26: 0.33333333 | K26: #VALUE!
B27: 10.4 | C27: No participa en actividades de fortalecimiento de competencias estadísticas | E27: 62 | F27: Entorno Institucional | G27: Gestión del conocimiento | H27: Si | I27: No aplica | J27: 0.33 | K27: #VALUE!
B28: 11.1 | C28: Participa en comisiones estadísticas | E28: 64 | F28: Entorno Institucional | G28: Gestión del conocimiento | H28: Si | I28: No aplica | J28: 0.33 | K28: #VALUE!
B29: 11.2 | C29: Participa en comités estadísticos | D29: X | E29: 67 | F29: Entorno Institucional | G29: Gestión del conocimiento | H29: Si | I29: 0.25 | J29: 0.33 | K29: 0.066
B30: 11.3 | C30: Participa en mesas estadísticas | E30: 70 | F30: Entorno Institucional | G30: Gestión del conocimiento | H30: Si | I30: No aplica | J30: 0.33 | K30: #VALUE!
B31: 11.4 | C31: Participa en observatorios estadísticos | E31: 73 | F31: Entorno Institucional | G31: Gestión del conocimiento | H31: Si | I31: No aplica | J31: 0.33 | K31: #VALUE!
B32: 11.5 | C32: Participa en otras instancias | E32: 76 | F32: Entorno Institucional | G32: Gestión del conocimiento | H32: Si | I32: No aplica | J32: 0.33 | K32: #VALUE!
B33: 11.6 | C33: No participa en instancias de coordinación institucional en materia estadísticas | E33: 79 | F33: Entorno Institucional | G33: Gestión del conocimiento | H33: Si | I33: No aplica | J33: 0.33 | K33: #VALUE!
B34: 12.1 | C34: Existe de manera formal un mecanismo de trazabilidad con herramientas o procedimientos para registrar y rastrear cada etapa de producción de la información estadística. | D34: X | E34: 80 | F34: Entorno Institucional | G34: Gestión del conocimiento | H34: Si | I34: 1 | J34: 0.33 | K34: 0.33
B35: 12.2 | C35: Existen algunos mecanismos informales para la trazabilidad, pero no se aplican a todos los procesos de información estadística. | E35: 82 | F35: Entorno Institucional | G35: Gestión del conocimiento | H35: Si | I35: No aplica | J35: 0.33 | K35: #VALUE!
B36: 12.3 | C36: No existen mecanismos de trazabilidad: El organismo no cuenta con ningún mecanismo específico para asegurar la trazabilidad en sus procesos de información estadística. | E36: 84 | F36: Entorno Institucional | G36: Gestión del conocimiento | H36: Si | I36: No aplica | J36: 0.33 | K36: #VALUE!
B37: Volver al resultado global
C40: Subdimensión Marco institucional | D40: Evaluación respuesta | E40: Ponderación pregunta | F40: Cálculo Marco institucional
C41: Funciones relacionadas | D41: =I12 -> 1 | E41: 0.25 | F41: =E41*D41 -> 0.25
C42: Procedimientos relacionados | D42: =I13 -> 1 | E42: 0.25 | F42: =E42*D42 -> 0.25
C43: Herramientas de planificación procesamiento | D43: =SUM(I14:I18) -> 0.75 | E43: 0.25 | F43: =E43*D43 -> 0.1875
C44: Herramientas de planificación mejoramiento | D44: =SUM(I19:I23) -> 0.75 | E44: 0.25 | F44: =E44*D44 -> 0.1875
C45: Resultado Subdimensión | F45: =SUM(F41:F44) -> 0.875
C48: Subdimensión Gestión del conocimiento | D48: Evaluación respuesta | E48: Ponderación pregunta | F48: Cálculo gestión del conocimiento
C49: Fortalecimiento de competencias estadísticas | D49: =SUM(I24:I27) -> 0.66666667 | E49: =1/3 -> 0.33333333 | F49: =E49*D49 -> 0.22222222
C50: Participación en instancias de coordinación interinstitucional | D50: =SUM(I28:I33) -> 0.25 | E50: =1/3 -> 0.33333333 | F50: =E50*D50 -> 0.083333333
C51: Trazabilidad y continuidad en los procesos estadísticos | D51: =SUM(I34:I36) -> 1 | E51: =1/3 -> 0.33333333 | F51: =E51*D51 -> 0.33333333
C52: Resultado Subdimensión | F52: =SUM(F49:F51) -> 0.63888889
C54: Resultado Dimensión | F54: =F45*0.5+F52*0.5 -> 0.75694444
C62: Fuente: Estadísticas Distritales - DAP, Alcaldía de Santiago de Cali
C63: Nota: el resultado del índice se presenta como un promedio simple y ponderado de las dimensiones.
C64: Nota: los resultados del índice a nivel de dimensiones y subdimensiones pueden variar año a año en función del reporte en el FICED.
C65: Actualizado Noviembre 2024

Sheet D. Infraestructura
A2: ALCALDÍA DE SANTIAGO DE CALI
A3: DEPARTAMENTO ADMINISTRATIVO DE PLANEACIÓN
A4: PLAN ESTADÍSTICO DISTRITAL DE SANTIAGO DE CALI
A5: 2024
A7: Infraestructura
A9: ¿Qué mide? Mide la disponibilidad y calidad de los recursos humanos, tecnológicos y financieros en cada organismo para la generación, el procesamiento y la difusión de información estadística.
B11: No | C11: Pregunta | D11: Respuestas | E11: Celda | F11: Dimensiones | G11: Subdimension | H11: Aplica Calculo | I11: Evaluacion_respuesta | J11: Poneracion pregunta | K11: Calculo_ponderacion
B12: 13.1 | C12: Herramientas de procesamiento de datos - Hojas de Cálculo | D12: X | E12: 85 | F12: Infraestructura | G12: Uso de Herramientas de Gestión y Procesamiento de Datos. | H12: Si | I12: 1 | J12: 0.33333333 | K12: 0.33333333
B13: 13.2 | C13: Herramientas de procesamiento de datos - R | E13: 86 | F13: Infraestructura | G13: Uso de Herramientas de Gestión y Procesamiento de Datos. | H13: Si | I13: No aplica | J13: 0.33333333 | K13: #VALUE!
B14: 13.3 | C14: Herramientas de procesamiento de datos - SAS | E14: 87 | F14: Infraestructura | G14: Uso de Herramientas de Gestión y Procesamiento de Datos. | H14: Si | I14: No aplica | J14: 0.33333333 | K14: #VALUE!
B15: 13.4 | C15: Herramientas de procesamiento de datos - SPSS | E15: 88 | F15: Infraestructura | G15: Uso de Herramientas de Gestión y Procesamiento de Datos. | H15: Si | I15: No aplica | J15: 0.33333333 | K15: #VALUE!
B16: 13.5 | C16: Herramientas de procesamiento de datos - STATA | E16: 89 | F16: Infraestructura | G16: Uso de Herramientas de Gestión y Procesamiento de Datos. | H16: Si | I16: No aplica | J16: 0.33333333 | K16: #VALUE!
B17: 13.6 | C17: Herramientas de procesamiento de datos - Desarrolladas por el organismo | E17: 90 | F17: Infraestructura | G17: Uso de Herramientas de Gestión y Procesamiento de Datos. | H17: Si | I17: No aplica | J17: 0.33333333 | K17: #VALUE!
B18: 13.7 | C18: Herramientas de procesamiento de datos - Phyton | E18: 92 | F18: Infraestructura | G18: Uso de Herramientas de Gestión y Procesamiento de Datos. | H18: Si | I18: No aplica | J18: 0.33333333 | K18: #VALUE!
B19: 13.8 | C19: Herramientas de procesamiento de datos - Programas de datos geográficos | E19: 93 | F19: Infraestructura | G19: Uso de Herramientas de Gestión y Procesamiento de Datos. | H19: Si | I19: No aplica | J19: 0.33333333 | K19: #VALUE!
B20: 13.9 | C20: Otras herramientas | E20: 94 | F20: Infraestructura | G20: Uso de Herramientas de Gestión y Procesamiento de Datos. | H20: Si | I20: No aplica | J20: 0.33333333 | K20: #VALUE!
B21: 13.10 | C21: Ninguna herramienta de procesamiento | E21: 96 | F21: Infraestructura | G21: Uso de Herramientas de Gestión y Procesamiento de Datos. | H21: Si | I21: No aplica | J21: 0.33333333 | K21: #VALUE!
B22: 14.1 | C22: Utiliza gestores de bases de datos - Oracle | D22: X | E22: 97 | F22: Infraestructura | G22: Uso de Herramientas de Gestión y Procesamiento de Datos. | H22: Si | I22: 1 | J22: 0.33333333 | K22: 0.33333333
B23: 14.2 | C23: Utiliza gestores de bases de datos - Postgre SQL | E23: 98 | F23: Infraestructura | G23: Uso de Herramientas de Gestión y Procesamiento de Datos. | H23: Si | I23: No aplica | J23: 0.33333333 | K23: #VALUE!
B24: 14.3 | C24: Utiliza gestores de bases de datos - SQL Server | E24: 99 | F24: Infraestructura | G24: Uso de Herramientas de Gestión y Procesamiento de Datos. | H24: Si | I24: No aplica | J24: 0.33333333 | K24: #VALUE!
B25: 14.4 | C25: Utiliza gestores de bases de datos - MySQL | E25: 100 | F25: Infraestructura | G25: Uso de Herramientas de Gestión y Procesamiento de Datos. | H25: Si | I25: No aplica | J25: 0.33333333 | K25: #VALUE!
B26: 14.5 | C26: Utiliza gestores de bases de datos - Sybase | E26: 101 | F26: Infraestructura | G26: Uso de Herramientas de Gestión y Procesamiento de Datos. | H26: Si | I26: No aplica | J26: 0.33333333 | K26: #VALUE!
B27: 14.6 | C27: Utiliza gestores de bases de datos - Otro | E27: 102 | F27: Infraestructura | G27: Uso de Herramientas de Gestión y Procesamiento de Datos. | H27: Si | I27: No aplica | J27: 0.33333333 | K27: #VALUE!
B28: 14.7 | C28: Ningun gestor | E28: 104 | F28: Infraestructura | G28: Uso de Herramientas de Gestión y Procesamiento de Datos. | H28: Si | I28: No aplica | J28: 0.33333333 | K28: #VALUE!
B29: 15.1 | C29: Utiliza herramientas de visualización y/o monitoreo de cifras, datos o indicadores | D29: X | E29: 105 | F29: Infraestructura | G29: Uso de Herramientas de Gestión y Procesamiento de Datos. | H29: Si | I29: 1 | J29: 0.33333333 | K29: 0.33333333
B30: 15.2 | C30: No utiliza herramientas de visualización y/o monitoreo de cifras, datos o indicadores | E30: 106 | F30: Infraestructura | G30: Uso de Herramientas de Gestión y Procesamiento de Datos. | H30: Si | I30: No aplica | J30: 0.33333333 | K30: #VALUE!
B31: 17.1 | C31: las herramientas de procesamiento y visualización de datos con las que cuenta el oganismo son suficientes y facilitan las actividades | D31: X | E31: 137 | F31: Infraestructura | G31: Recursos Humanos, Tecnológicos y Financieros | H31: Si | I31: 1 | J31: 0.16666667 | K31: 0.16666667
B32: 17.2 | C32: las herramientas de procesamiento y visualización de datos con las que cuenta el oganismo son limitadas pero no dificulta las actividades | E32: 138 | F32: Infraestructura | G32: Recursos Humanos, Tecnológicos y Financieros | H32: Si | I32: No aplica | J32: 0.16666667 | K32: #VALUE!
B33: 17.3 | C33: las herramientas de procesamiento y visualización de datos con las que cuenta el oganismo son limitadas y causa dificultades en las actividades | E33: 139 | F33: Infraestructura | G33: Recursos Humanos, Tecnológicos y Financieros | H33: Si | I33: No aplica | J33: 0.16666667 | K33: #VALUE!
B34: 17.4 | C34: las herramientas de procesamiento y visualización de datos con las que cuenta el oganismo son muy limitadas para desarrollar las actividades | E34: 140 | F34: Infraestructura | G34: Recursos Humanos, Tecnológicos y Financieros | H34: Si | I34: No aplica | J34: 0.16666667 | K34: #VALUE!
B35: 17.5 | C35: las herramientas de procesamiento y visualización de datos con las que cuenta el oganismo son nulas, no permiten desarrollar las actividades | E35: 141 | F35: Infraestructura | G35: Recursos Humanos, Tecnológicos y Financieros | H35: Si | I35: No aplica | J35: 0.16666667 | K35: #VALUE!
B36: 18.1 | C36: Existe una persona que produce, coordina o centraliza los indicadores o estadísticas relevantes para la toma de decisiones | E36: 142 | F36: Infraestructura | G36: Recursos Humanos, Tecnológicos y Financieros | H36: Si | I36: No aplica | J36: 0.16666667 | K36: #VALUE!
B37: 18.2 | C37: Existe un grupo que produzca, coordine o centralice los indicadores o estadísticas relevantes para la toma de decisiones | E37: 143 | F37: Infraestructura | G37: Recursos Humanos, Tecnológicos y Financieros | H37: Si | I37: No aplica | J37: 0.16666667 | K37: #VALUE!
B38: 18.3 | C38: Existen varios grupos que produzcan, coordinen o centralicen los indicadores o estadísticas relevantes para la toma de decisiones | D38: X | E38: 144 | F38: Infraestructura | G38: Recursos Humanos, Tecnológicos y Financieros | H38: Si | I38: 1 | J38: 0.16666667 | K38: 0.16666667
B39: 18.4 | C39: No existe una persona, grupo o grupos que produzcan, coordinen o centralicen los indicadores o estadísticas relevantes para la toma de decisiones | E39: 145 | F39: Infraestructura | G39: Recursos Humanos, Tecnológicos y Financieros | H39: Si | I39: No aplica | J39: 0.16666667 | K39: #VALUE!
B40: 20.1 | C40: Considera que el recurso humano para desarrollar las actividades de procesamiento, análisis y difusión de información estadística es suficiente y facilita las actividades | E40: 146 | F40: Infraestructura | G40: Recursos Humanos, Tecnológicos y Financieros | H40: Si | I40: No aplica | J40: 0.16666667 | K40: #VALUE!
B41: 20.2 | C41: Considera que el recurso humano para desarrollar las actividades de procesamiento, análisis y difusión de información estadística es limitado pero no dificulta las actividades | D41: X | E41: 147 | F41: Infraestructura | G41: Recursos Humanos, Tecnológicos y Financieros | H41: Si | I41: 0.75 | J41: 0.16666667 | K41: 0.125
B42: 20.3 | C42: Considera que el recurso humano para desarrollar las actividades de procesamiento, análisis y difusión de información estadística es limitado y causa dificultades en las actividades | E42: 148 | F42: Infraestructura | G42: Recursos Humanos, Tecnológicos y Financieros | H42: Si | I42: No aplica | J42: 0.16666667 | K42: #VALUE!
B43: 20.4 | C43: Considera que el recurso humano para desarrollar las actividades de procesamiento, análisis y difusión de información estadística es muy limitado para desarrollar las actividades | E43: 149 | F43: Infraestructura | G43: Recursos Humanos, Tecnológicos y Financieros | H43: Si | I43: No aplica | J43: 0.16666667 | K43: #VALUE!
B44: 20.5 | C44: Considera que el recurso humano para desarrollar las actividades de procesamiento, análisis y difusión de información estadística es nulo y no permite desarrollar las actividades | E44: 150 | F44: Infraestructura | G44: Recursos Humanos, Tecnológicos y Financieros | H44: Si | I44: No aplica | J44: 0.16666667 | K44: #VALUE!
B45: 21.1 | C45: Del presupuesto ANUAL Hardware: Adquisición de servidores para almacenamiento y procesamiento de datos estadísticos | E45: 151 | F45: Infraestructura | G45: Recursos Humanos, Tecnológicos y Financieros | H45: Si | I45: No aplica | J45: 0.16666667 | K45: #VALUE!
B46: 21.2 | C46: Del presupuesto ANUAL Hardware: Computadoras de alto rendimiento para análisis estadístico avanzado | E46: 152 | F46: Infraestructura | G46: Recursos Humanos, Tecnológicos y Financieros | H46: Si | I46: No aplica | J46: 0.16666667 | K46: #VALUE!
B47: 21.3 | C47: Del presupuesto ANUAL Hardware: Dispositivos móviles (tabletas, smartphones) para recolección de datos en campo) | E47: 153 | F47: Infraestructura | G47: Recursos Humanos, Tecnológicos y Financieros | H47: Si | I47: No aplica | J47: 0.16666667 | K47: #VALUE!
B48: 21.4 | C48: Del presupuesto ANUAL Hardware: Sistemas de almacenamiento externos (discos duros, sistemas en la nube). | E48: 154 | F48: Infraestructura | G48: Recursos Humanos, Tecnológicos y Financieros | H48: Si | I48: No aplica | J48: 0.16666667 | K48: #VALUE!
B49: 21.5 | C49: Del presupuesto ANUAL Software: Software estadístico especializado (e.g., SPSS, R, STATA, Python). | E49: 155 | F49: Infraestructura | G49: Recursos Humanos, Tecnológicos y Financieros | H49: Si | I49: No aplica | J49: 0.16666667 | K49: #VALUE!
B50: 21.6 | C50: Del presupuesto ANUAL Software: Licencias de bases de datos y herramientas para la gestión de datos (SQL, Oracle).. | E50: 156 | F50: Infraestructura | G50: Recursos Humanos, Tecnológicos y Financieros | H50: Si | I50: No aplica | J50: 0.16666667 | K50: #VALUE!
B51: 21.7 | C51: Del presupuesto ANUAL Software: Sistemas de gestión de encuestas (CAPI, CATI, CAWI) para recolección de datos. | E51: 157 | F51: Infraestructura | G51: Recursos Humanos, Tecnológicos y Financieros | H51: Si | I51: No aplica | J51: 0.16666667 | K51: #VALUE!
B52: 21.8 | C52: Del presupuesto ANUAL Software: Software de visualización de datos (e.g., Tableau, Power BI). | E52: 158 | F52: Infraestructura | G52: Recursos Humanos, Tecnológicos y Financieros | H52: Si | I52: No aplica | J52: 0.16666667 | K52: #VALUE!
B53: 21.9 | C53: Del presupuesto ANUAL Software: Sistemas de protección de datos y ciberseguridad para garantizar la seguridad de la información. | E53: 159 | F53: Infraestructura | G53: Recursos Humanos, Tecnológicos y Financieros | H53: Si | I53: No aplica | J53: 0.16666667 | K53: #VALUE!
B54: 21.10 | C54: Del presupuesto ANUAL personal y capacitacion: Contratación de expertos en análisis de datos (estadísticos, científicos de datos). | D54: 0.0018 | E54: 160 | F54: Infraestructura | G54: Recursos Humanos, Tecnológicos y Financieros | H54: Si | I54: 0.33333333 | J54: 0.16666667 | K54: 0.055555556
B55: 21.11 | C55: Del presupuesto ANUAL personal y capacitacion: Capacitación del personal en uso de herramientas estadísticas y tecnológicas. | E55: 161 | F55: Infraestructura | G55: Recursos Humanos, Tecnológicos y Financieros | H55: Si | I55: No aplica | J55: 0.16666667 | K55: #VALUE!
B56: 21.12 | C56: Del presupuesto ANUAL personal y capacitacion: Consultorías externas para el desarrollo de metodologías estadísticas. | E56: 162 | F56: Infraestructura | G56: Recursos Humanos, Tecnológicos y Financieros | H56: Si | I56: No aplica | J56: 0.16666667 | K56: #VALUE!
B57: 21.13 | C57: Del presupuesto ANUAL personal y capacitacion: Mantenimiento técnico de los sistemas y herramientas tecnológicas. | E57: 163 | F57: Infraestructura | G57: Recursos Humanos, Tecnológicos y Financieros | H57: Si | I57: No aplica | J57: 0.16666667 | K57: #VALUE!
B58: 22.1 | C58: los recursos financieros asignados para desarrollar las actividades de procesamiento, análisis y difusión de información estadística son Suficientes y facilitan las actividades | E58: 164 | F58: Infraestructura | G58: Recursos Humanos, Tecnológicos y Financieros | H58: Si | I58: No aplica | J58: 0.16666667 | K58: #VALUE!
B59: 22.2 | C59: los recursos financieros asignados para desarrollar las actividades de procesamiento, análisis y difusión de información estadística son Limitados pero no dificulta las actividades | D59: X | E59: 165 | F59: Infraestructura | G59: Recursos Humanos, Tecnológicos y Financieros | H59: Si | I59: 0.75 | J59: 0.16666667 | K59: 0.125
B60: 22.3 | C60: los recursos financieros asignados para desarrollar las actividades de procesamiento, análisis y difusión de información estadística son Limitados y causa dificultades en las actividades | E60: 166 | F60: Infraestructura | G60: Recursos Humanos, Tecnológicos y Financieros | H60: Si | I60: No aplica | J60: 0.16666667 | K60: #VALUE!
B61: 22.4 | C61: los recursos financieros asignados para desarrollar las actividades de procesamiento, análisis y difusión de información estadística son Muy limitados para desarrollar las actividades | E61: 167 | F61: Infraestructura | G61: Recursos Humanos, Tecnológicos y Financieros | H61: Si | I61: No aplica | J61: 0.16666667 | K61: #VALUE!
B62: 22.5 | C62: los recursos financieros asignados para desarrollar las actividades de procesamiento, análisis y difusión de información estadística son Nulos, no permiten desarrollar las actividades | E62: 168 | F62: Infraestructura | G62: Recursos Humanos, Tecnológicos y Financieros | H62: Si | I62: No aplica | J62: 0.16666667 | K62: #VALUE!
B63: 19 | C63: Personal por etapas del proceso estadístico | D63: En 8 de las 8 etapas del proceso tiene al menos una persona | F63: Infraestructura | G63: Recursos Humanos, Tecnológicos y Financieros | H63: Si | I63: 1 | J63: 0.167 | K63: =J63*I63 -> 0.167
B64: Volver al resultado global
C68: Subdimensión Uso de Herramientas de Gestión y Procesamiento de datos | D68: Evaluación respuesta | E68: Ponderación pregunta | F68: Cálculo Uso de herramientas de gestión
C69: Uso de Herramientas de procesamiento de datos | D69: =SUM(I12:I21) -> 1 | E69: =1/3 -> 0.33333333 | F69: =E69*D69 -> 0.33333333
C70: Uso de gestores de bases de datos | D70: =SUM(I22:I28) -> 1 | E70: =1/3 -> 0.33333333 | F70: =E70*D70 -> 0.33333333
C71: Uso de herramientas de visualización y/o monitoreo de datos | D71: =SUM(I29:I30) -> 1 | E71: =1/3 -> 0.33333333 | F71: =E71*D71 -> 0.33333333
C72: Resultado Subdimensión | F72: =SUM(F69:F71) -> 1
C75: Subdimensión Recursos humanos, tecnológicos y financieros | D75: Evaluación respuesta | E75: Ponderación pregunta | F75: Cálculo Recursos humanos, tecnológicos y financieros
C76: Herramientas de procesamiento y visualización | D76: =SUM(I31:I35) -> 1 | E76: =1/6 -> 0.16666667 | F76: =E76*D76 -> 0.16666667
C77: Existe en la estructura organizacional una persona, grupo o varios grupos internos de trabajo GIE | D77: =SUM(I36:I39) -> 1 | E77: =1/6 -> 0.16666667 | F77: =E77*D77 -> 0.16666667
C78: Recurso humano disponible en cada etapa del proceso estadístico | D78: =I63 -> 1 | E78: =1/6 -> 0.16666667 | F78: =E78*D78 -> 0.16666667
C79: Recurso humano destinado a la producción, coordinación o centralización de estadísticas relevantes | D79: =SUM(I40:I44) -> 0.75 | E79: =1/6 -> 0.16666667 | F79: =E79*D79 -> 0.125
C80: Recursos financieros del presupuesto anual destinados a la producción, coordinación o centralización de estadísticas relevantes | D80: =SUM(I45:I57) -> 0.33333333 | E80: =1/6 -> 0.16666667 | F80: =E80*D80 -> 0.055555556
C81: Recurso financiero destinado a la producción, coordinación o centralización de estadísticas relevantes | D81: =SUM(I58:I62) -> 0.75 | E81: =1/6 -> 0.16666667 | F81: =E81*D81 -> 0.125
C82: Resultado Subdimensión | F82: =SUM(F76:F81) -> 0.80555556
C84: Resultado Dimensión | F84: =(F72*50%)+(F82*50%) -> 0.90277778
C93: Fuente: Estadísticas Distritales - DAP, Alcaldía de Santiago de Cali
C94: Nota: el resultado del índice se presenta como un promedio simple y ponderado de las dimensiones.
C95: Nota: los resultados del índice a nivel de dimensiones y subdimensiones pueden variar año a año en función del reporte en el FICED.
C96: Actualizado Noviembre 2024

Sheet E. Metodología estadística
A2: ALCALDÍA DE SANTIAGO DE CALI
A3: DEPARTAMENTO ADMINISTRATIVO DE PLANEACIÓN
A4: PLAN ESTADÍSTICO DISTRITAL DE SANTIAGO DE CALI
A5: 2024
A7: Metodología estadística
A9: ¿Qué mide? Analiza la implementación de normas, lineamientos y estándares metodológicos en la producción estadística en cada organismo.
B11: No | C11: Pregunta | D11: Respuestas | E11: Celda | F11: Dimensiones | G11: Subdimension | H11: Aplica Calculo | I11: Evaluacion_respuesta | J11: Poneracion pregunta | K11: Calculo_ponderacion
B12: 23.1.3 | C12: Documento metodológico 1 | D12: No | E12: 171 | F12: Metodología estadística | G12: Operaciones Estadísticas | H12: Si | I12: 0 | J12: 0.16666667 | K12: 0
B13: 23.1.4 | C13: ficha metodológica 1 | D13: No | E13: 172 | F13: Metodología estadística | G13: Operaciones Estadísticas | H13: Si | I13: 0 | J13: 0.16666667 | K13: 0
B14: 23.1.5 | C14: Manual operativo 1 | D14: No | E14: 173 | F14: Metodología estadística | G14: Operaciones Estadísticas | H14: Si | I14: 0 | J14: 0.16666667 | K14: 0
B15: 23.1.6 | C15: Diccionario de datos 1 | D15: No | E15: 174 | F15: Metodología estadística | G15: Operaciones Estadísticas | H15: Si | I15: 0 | J15: 0.16666667 | K15: 0
B16: 23.1.7 | C16: Documento consistencia y validación 1 | D16: NA | E16: 175 | F16: Metodología estadística | G16: Operaciones Estadísticas | H16: Si | I16: 0 | J16: 0.16666667 | K16: 0
B17: 23.1.8 | C17: Acciones de fortalecimiento 1 | D17: Sí | E17: 176 | F17: Metodología estadística | G17: Operaciones Estadísticas | H17: Si | I17: 1 | J17: 0.16666667 | K17: 0.16666667
B18: 23.2.3 | C18: Documento metodológico 2 | E18: 180 | F18: Metodología estadística | G18: Operaciones Estadísticas | H18: Si | J18: 0.16666667 | K18: 0
B19: 23.2.4 | C19: ficha metodológica 2 | E19: 181 | F19: Metodología estadística | G19: Operaciones Estadísticas | H19: Si | J19: 0.16666667 | K19: 0
B20: 23.2.5 | C20: Manual operativo 2 | E20: 182 | F20: Metodología estadística | G20: Operaciones Estadísticas | H20: Si | J20: 0.16666667 | K20: 0
B21: 23.2.6 | C21: Diccionario de datos 2 | E21: 183 | F21: Metodología estadística | G21: Operaciones Estadísticas | H21: Si | J21: 0.16666667 | K21: 0
B22: 23.2.7 | C22: Documento consistencia y validación 2 | E22: 184 | F22: Metodología estadística | G22: Operaciones Estadísticas | H22: Si | J22: 0.16666667 | K22: 0
B23: 23.2.8 | C23: Acciones de fortalecimiento 2 | E23: 185 | F23: Metodología estadística | G23: Operaciones Estadísticas | H23: Si | J23: 0.16666667 | K23: 0
B24: 23.3.3 | C24: Documento metodológico 3 | E24: 189 | F24: Metodología estadística | G24: Operaciones Estadísticas | H24: Si | J24: 0.16666667 | K24: 0
B25: 23.3.4 | C25: ficha metodológica 3 | E25: 190 | F25: Metodología estadística | G25: Operaciones Estadísticas | H25: Si | J25: 0.16666667 | K25: 0
B26: 23.3.5 | C26: Manual operativo 3 | E26: 191 | F26: Metodología estadística | G26: Operaciones Estadísticas | H26: Si | J26: 0.16666667 | K26: 0
B27: 23.3.6 | C27: Diccionario de datos 3 | E27: 192 | F27: Metodología estadística | G27: Operaciones Estadísticas | H27: Si | J27: 0.16666667 | K27: 0
B28: 23.3.7 | C28: Documento consistencia y validación 3 | E28: 193 | F28: Metodología estadística | G28: Operaciones Estadísticas | H28: Si | J28: 0.16666667 | K28: 0
B29: 23.3.8 | C29: Acciones de fortalecimiento 3 | E29: 194 | F29: Metodología estadística | G29: Operaciones Estadísticas | H29: Si | J29: 0.16666667 | K29: 0
... B41: 23.5.8 | C41: Acciones de fortalecimiento 5 | E41: 212 | F41: Metodología estadística | G41: Operaciones Estadísticas | H41: Si | J41: 0.16666667 | K41: 0
B42: 24.1 | C42: El proceso de producción de información implementa Lineamientos para el proceso estadístico en el Sistema Estadístico Nacional | E42: 214 | F42: Metodología estadística | G42: Operaciones Estadísticas | H42: Si | I42: No aplica | J42: 0.16666667 | K42: #VALUE!
B43: 24.2 | C43: El proceso de producción de información implementa Norma técnica de calidad del proceso estadístico NTC PE 1000:2020 | E43: 215 | F43: Metodología estadística | G43: Operaciones Estadísticas | H43: Si | I43: No aplica | J43: 0.16666667 | K43: #VALUE!
B44: 24.3 | C44: El proceso de producción de información implementa Nomenclaturas y clasificaciones. | D44: X | E44: 216 | F44: Metodología estadística | G44: Operaciones Estadísticas | H44: Si | I44: 0.5 | J44: 0.16666667 | K44: 0.083333333
B45: 24.4 | C45: El proceso de producción de información implementa conceptos estandarizados | D45: X | E45: 217 | F45: Metodología estadística | G45: Operaciones Estadísticas | H45: Si | I45: 0.5 | J45: 0.16666667 | K45: 0.083333333
B46: 24.5 | C46: No implementa lineamientos, normas y estándares | E46: 218 | F46: Metodología estadística | G46: Operaciones Estadísticas | H46: Si | I46: No aplica | J46: 0.16666667 | K46: #VALUE!
B47: 25.1 | C47: Deteccion Nececidades: Encuestas | E47: 230 | F47: Metodología estadística | G47: Operaciones Estadísticas | H47: Si | I47: No aplica | J47: 0.16666667 | K47: #VALUE!
B48: 25.2 | C48: Deteccion Nececidades: Reuniones con expertos en la temática de la operación estadística | E48: 231 | F48: Metodología estadística | G48: Operaciones Estadísticas | H48: Si | I48: No aplica | J48: 0.16666667 | K48: #VALUE!
B49: 25.3 | C49: Deteccion Nececidades: Reuniones de trabajo con partes interesadas especializadas | D49: X | E49: 232 | F49: Metodología estadística | G49: Operaciones Estadísticas | H49: Si | I49: 0.2 | J49: 0.16666667 | K49: 0.033333333
B50: 25.4 | C50: Deteccion Nececidades: Mesas intersectoriales | E50: 233 | F50: Metodología estadística | G50: Operaciones Estadísticas | H50: Si | I50: No aplica | J50: 0.16666667 | K50: #VALUE!
B51: 25.5 | C51: Deteccion Nececidades: Solicitudes directas de información estadística | D51: X | E51: 234 | F51: Metodología estadística | G51: Operaciones Estadísticas | H51: Si | I51: 0.2 | J51: 0.16666667 | K51: 0.033333333
B52: 25.6 | C52: Deteccion Nececidades: Documentos de política pública | D52: X | E52: 235 | F52: Metodología estadística | G52: Operaciones Estadísticas | H52: Si | I52: 0.2 | J52: 0.16666667 | K52: 0.033333333
B53: 25.7 | C53: Deteccion Nececidades: Planes (estratégicos, de acción, o de mejora) | D53: X | E53: 236 | F53: Metodología estadística | G53: Operaciones Estadísticas | H53: Si | I53: 0.2 | J53: 0.16666667 | K53: 0.033333333
B54: 25.8 | C54: Deteccion Nececidades: Proyectos de inversión | D54: X | E54: 237 | F54: Metodología estadística | G54: Operaciones Estadísticas | H54: Si | I54: 0.2 | J54: 0.16666667 | K54: 0.033333333
B55: 25.9 | C55: Deteccion Nececidades: Consultas de referentes (nacionales o internacionales) | E55: 239 | F55: Metodología estadística | G55: Operaciones Estadísticas | H55: Si | I55: No aplica | J55: 0.16666667 | K55: #VALUE!
B56: 25.10 | C56: Deteccion Nececidades: Otro(s) | E56: 240 | F56: Metodología estadística | G56: Operaciones Estadísticas | H56: Si | I56: No aplica | J56: 0.16666667 | K56: #VALUE!
B57: 25.11 | C57: Deteccion Nececidades: Ninguno | E57: 242 | F57: Metodología estadística | G57: Operaciones Estadísticas | H57: Si | I57: No aplica | J57: 0.16666667 | K57: #VALUE!
B58: 26.1 | C58: Los indicadores de resultado son de análisis interno exclusivo | E58: 243 | F58: Metodología estadística | G58: Indicadores | H58: Si | I58: No aplica | J58: 0.33333333 | K58: #VALUE!
B59: 26.2 | C59: Los indicadores de resultado se analizan en colaboración con otros organismos | E59: 244 | F59: Metodología estadística | G59: Indicadores | H59: Si | I59: No aplica | J59: 0.33333333 | K59: #VALUE!
B60: 26.3 | C60: Los indicadores de resultado se analizan con el Uso de plataformas digitales para la recopilación de datos | E60: 245 | F60: Metodología estadística | G60: Indicadores | H60: Si | I60: No aplica | J60: 0.33333333 | K60: #VALUE!
B61: 26.4 | C61: El análisis se estructura de otra manera | E61: 246 | F61: Metodología estadística | G61: Indicadores | H61: Si | I61: No aplica | J61: 0.33333333 | K61: #VALUE!
B62: 26.5 | C62: No aplica | D62: X | E62: 248 | F62: Metodología estadística | G62: Indicadores | H62: Si | I62: 1 | J62: 0.33333333 | K62: 0.33333333
B63: 26.6 | C63: No se realiza consolidación de la información | E63: 249 | F63: Metodología estadística | G63: Indicadores | H63: Si | I63: No aplica | J63: 0.33333333 | K63: #VALUE!
B64: 27.1 | C64: como organismo líder de indicadores de resultado se han realizado ejercicios de articulación con los organismos líderes de indicadores de producto. | E64: 250 | F64: Metodología estadística | G64: Indicadores | H64: Si | I64: No aplica | J64: 0.33333333 | K64: #VALUE!
B65: 27.2 | C65: como organismo líder del indicador de producto, se han promovido ejercicios de articulación por parte de los organismos lideres de lo indicadores de resultado | D65: X | E65: 251 | F65: Metodología estadística | G65: Indicadores | H65: Si | I65: 1 | J65: 0.33333333 | K65: 0.33333333
B66: 27.3 | C66: No es necesario porque el indicador de resultado no tiene articulación con otro organismo. | E66: 252 | F66: Metodología estadística | G66: Indicadores | H66: Si | I66: No aplica | J66: 0.33333333 | K66: #VALUE!
B67: 27.4 | C67: No existe un proceso de articulación | E67: 253 | F67: Metodología estadística | G67: Indicadores | H67: Si | I67: No aplica | J67: 0.33333333 | K67: #VALUE!
B68: 28.1 | C68: los diferentes organismos que tienen indicadores de producto con los organismos líderes de los indicadores de resultado para realizar un análisis integral del logro de resultados se articulan con Reuniones periódicas para realizar acuerdo, segumiento a los resultados | E68: 254 | F68: Metodología estadística | G68: Indicadores | H68: Si | I68: No aplica | J68: 0.33333333 | K68: #VALUE!
B69: 28.2 | C69: los diferentes organismos que tienen indicadores de producto con los organismos líderes de los indicadores de resultado para realizar un análisis integral del logro de resultados se articulan con Registros de actas de reunión | E69: 255 | F69: Metodología estadística | G69: Indicadores | H69: Si | I69: No aplica | J69: 0.33333333 | K69: #VALUE!
B70: 28.3 | C70: los diferentes organismos que tienen indicadores de producto con los organismos líderes de los indicadores de resultado para realizar un análisis integral del logro de resultados se articulan con la Creación de una metodología para la consolidación y analísis de información | E70: 256 | F70: Metodología estadística | G70: Indicadores | H70: Si | I70: No aplica | J70: 0.33333333 | K70: #VALUE!
B71: 28.4 | C71: los diferentes organismos que tienen indicadores de producto con los organismos líderes de los indicadores de resultado para realizar un análisis integral del logro de resultados se articulan a través de un comité interinstitucional | E71: 257 | F71: Metodología estadística | G71: Indicadores | H71: Si | I71: No aplica | J71: 0.33333333 | K71: #VALUE!
B72: 28.5 | C72: los diferentes organismos que tienen indicadores de producto con los organismos líderes de los indicadores de resultado para realizar un análisis integral del logro de resultados se articulan con Informes anuales sobre resultados y recomendaciones | E72: 258 | F72: Metodología estadística | G72: Indicadores | H72: Si | I72: No aplica | J72: 0.33333333 | K72: #VALUE!
B73: 28.6 | C73: los diferentes organismos que tienen indicadores de producto con los organismos líderes de los indicadores de resultado para realizar un análisis integral del logro de resultados se articulan con talleres | E73: 259 | F73: Metodología estadística | G73: Indicadores | H73: Si | I73: No aplica | J73: 0.33333333 | K73: #VALUE!
B74: 28.7 | C74: los diferentes organismos que tienen indicadores de producto con los organismos líderes de los indicadores de resultado para realizar un análisis integral del logro de resultados se articulan con herramientas en la nube (drive) | E74: 260 | F74: Metodología estadística | G74: Indicadores | H74: Si | I74: No aplica | J74: 0.33333333 | K74: #VALUE!
B75: 28.8 | C75: los diferentes organismos que tienen indicadores de producto con los organismos líderes de los indicadores de resultado para realizar un análisis integral del logro de resultados se articulan con sistema centralizado de información | E75: 261 | F75: Metodología estadística | G75: Indicadores | H75: Si | I75: No aplica | J75: 0.33333333 | K75: #VALUE!
B76: 28.9 | C76: los diferentes organismos que tienen indicadores de producto con los organismos líderes de los indicadores de resultado para realizar un análisis integral del logro de resultados se articulan con otras herramientas | D76: X | E76: 262 | F76: Metodología estadística | G76: Indicadores | H76: Si | I76: 1 | J76: 0.33333333 | K76: 0.33333333
B77: 28.10 | C77: No se articulan | E77: 264 | F77: Metodología estadística | G77: Indicadores | H77: Si | I77: No aplica | J77: 0.33333333 | K77: #VALUE!
B78: 30.1 | C78: Implementa Lineamientos de la Alcaldía de Santiago de Cali | D78: X | E78: 315 | F78: Metodología estadística | G78: Analítica | H78: Si | I78: 1 | J78: 0.33333333 | K78: 0.33333333
B79: 30.2 | C79: Implementa la Guía para la Construcción y Análisis de Indicadores Departamento Nacional de Planeación (DNP). | E79: 325 | F79: Metodología estadística | G79: Analítica | H79: Si | I79: No aplica | J79: 0.33333333 | K79: #VALUE!
B80: 30.3 | C80: Implementa la Guía para Diseño, Construcción e Interpretación de Indicadores - Departamento Administrativo Nacional de Estadística (DANE). | E80: 326 | F80: Metodología estadística | G80: Analítica | H80: Si | I80: No aplica | J80: 0.33333333 | K80: #VALUE!
B81: 30.4 | C81: Implementa la Guía para la construcción y análisis de Indicadores de Gestión - Departamento Administrativo de la Función Pública (DAFP) | E81: 327 | F81: Metodología estadística | G81: Analítica | H81: Si | I81: No aplica | J81: 0.33333333 | K81: #VALUE!
B82: 30.5 | C82: Implementa Referentes internacionales (OCDE, PNUD, FAO) | E82: 328 | F82: Metodología estadística | G82: Analítica | H82: Si | I82: No aplica | J82: 0.33333333 | K82: #VALUE!
B83: 30.6 | C83: Implementa otros lineamientos | E83: 330 | F83: Metodología estadística | G83: Analítica | H83: Si | I83: No aplica | J83: 0.33333333 | K83: #VALUE!
B84: 30.7 | C84: No implementa ningún lineamiento | E84: 332 | F84: Metodología estadística | G84: Analítica | H84: Si | I84: No aplica | J84: 0.33333333 | K84: #VALUE!
B85: 31.1 | C85: Realiza análisis de datos básicos (como generación de reportes, tabulaciones y gráficos, sin aplicar modelos avanzados o técnicas de analítica sofisticada) | D85: X | E85: 333 | F85: Metodología estadística | G85: Analítica | H85: Si | I85: 0.5 | J85: 0.33333333 | K85: 0.16666667
B86: 31.2 | C86: Realiza Analítica descriptiva con modelos estadísticos tradicionales (como regresiones, análisis de varianza, entre otros) | E86: 334 | F86: Metodología estadística | G86: Analítica | H86: Si | I86: No aplica | J86: 0.33333333 | K86: #VALUE!
B87: 31.3 | C87: Realiza Analítica diagnóstica con modelos econométricos (como series de tiempo, modelos de panel, entre otros) | E87: 337 | F87: Metodología estadística | G87: Analítica | H87: Si | I87: No aplica | J87: 0.33333333 | K87: #VALUE!
B88: 31.4 | C88: Realiza Analítica predictiva con modelos de inteligencia artificial o machine learning (como redes neuronales, árboles de decisión, entre otros). | E88: 340 | F88: Metodología estadística | G88: Analítica | H88: Si | I88: No aplica | J88: 0.33333333 | K88: #VALUE!
B89: 31.5 | C89: Realiza Analítica prescriptiva con modelos de optimización o simulación para recomendar acciones. | E89: 343 | F89: Metodología estadística | G89: Analítica | H89: Si | I89: No aplica | J89: 0.33333333 | K89: #VALUE!
B90: 32.1 | C90: Conoce las herramientas de analítica avanzada pero no hace uso de ellas | E90: 351 | F90: Metodología estadística | G90: Analítica | H90: Si | I90: No aplica | J90: 0.33333333 | K90: #VALUE!
B91: 32.2 | C91: Conoce las herramientas de analítica avanzada y tiene planeado realizar la articulación con DATIC para desarrollar un caso de uso. | E91: 352 | F91: Metodología estadística | G91: Analítica | H91: Si | I91: No aplica | J91: 0.33333333 | K91: #VALUE!
B92: 32.3 | C92: Tiene formulado un proyecto de analítica avanzada con DATIC para desarrollar un caso de uso. | E92: 353 | F92: Metodología estadística | G92: Analítica | H92: Si | I92: No aplica | J92: 0.33333333 | K92: #VALUE!
B93: 32.4 | C93: Tiene implementado un proyecto de analítca avanzada con DATIC con un caso de uso. | E93: 354 | F93: Metodología estadística | G93: Analítica | H93: Si | I93: No aplica | J93: 0.33333333 | K93: #VALUE!
B94: 32.5 | C94: Tiene desplegado un caso de uso con DATIC, | E94: 355 | F94: Metodología estadística | G94: Analítica | H94: Si | I94: No aplica | J94: 0.33333333 | K94: #VALUE!
B95: 32.6 | C95: Desconocen la existencia de herramientas de analítica avanzada en DATIC. | D95: X | E95: 356 | F95: Metodología estadística | G95: Analítica | H95: Si | I95: 0 | J95: 0.33333333 | K95: 0
B96: 28 | C96: =C66 -> No es necesario porque el indicador de resultado no tiene articulación con otro organismo. | D96: =D66 -> 0 | E96: =E66 -> 252 | F96: =F66 -> Metodología estadística | G96: =G66 -> Indicadores | H96: =H66 -> Si | J96: 0.33333333 | K96: 0
B97: Volver al resultado global
C99: Subdimensión Operaciones estadísticas | D99: Evaluación respuesta | E99: Ponderación pregunta | F99: Cálculo Operaciones estadísticas
C100: Documento metodológico | D100: =I12+I18+I24+I30+I36 -> 0 | E100: =1/6 -> 0.16666667 | F100: =E100*D100 -> 0
C101: Ficha metodológica | D101: =I13+I19+I25+I31+I37 -> 0 | E101: =1/6 -> 0.16666667 | F101: =E101*D101 -> 0
C102: Manual operativo, diccionario de datos y documento de consistencia y validación | D102: =I14+I15+I16+I20+I21+I22+I26+I27+I28+I32+I33+I34+I38+I39+I40 -> 0 | E102: =1/6 -> 0.16666667 | F102: =E102*D102 -> 0
C103: Acciones de calidad y mejoramiento | D103: =I17+I23+I29+I35+I41 -> 1 | E103: =1/6 -> 0.16666667 | F103: =E103*D103 -> 0.16666667
C104: Uso de lineamientos, normas y estándares | D104: =SUM(I42:I46) -> 1 | E104: =1/6 -> 0.16666667 | F104: =E104*D104 -> 0.16666667
C105: Detección de necesidades misionales o estadísticas | D105: =SUM(I47:I57) -> 1 | E105: =1/6 -> 0.16666667 | F105: =E105*D105 -> 0.16666667
C106: Resultado Subdimensión | F106: =SUM(F100:F105) -> 0.5
C110: Subdimensión Indicadores | D110: Evaluación respuesta | E110: Ponderación pregunta | F110: Cálculo Indicadores
C111: Análisis de indicadores de resultado liderados por el organismo | D111: =SUM(I58:I63) -> 1 | E111: =1/3 -> 0.33333333 | F111: =E111*D111 -> 0.33333333
C112: Articulación entre organismos para el seguimiento de indicadores de producto | D112: =SUM(I64:I67) -> 1 | E112: =1/3 -> 0.33333333 | F112: =E112*D112 -> 0.33333333
C113: Articulación entre organismos líderes de indicadores de producto y líderes indicadores de resultado | D113: =SUM(I68:I77)+I96 -> 1 | E113: =1/3 -> 0.33333333 | F113: =E113*D113 -> 0.33333333
C114: Resultado Subdimensión | F114: =SUM(F111:F113) -> 1
C118: Subdimensión Analítica de datos | D118: Evaluación respuesta | E118: Ponderación pregunta | F118: Cálculo Analítica de datos
C119: Implementación de lineamientos metodológicos | D119: =SUM(I78:I84) -> 1 | E119: =1/3 -> 0.33333333 | F119: =E119*D119 -> 0.33333333
C120: Uso de modelos de analítica de datos para optimizar los procesos | D120: =SUM(I85:I89) -> 0.5 | E120: =1/3 -> 0.33333333 | F120: =E120*D120 -> 0.16666667
C121: Uso de herramientas de analítica avanzada disponibles en DATIC | D121: =SUM(I90:I95) -> 0 | E121: =1/3 -> 0.33333333 | F121: =E121*D121 -> 0
C122: Resultado Subdimensión | F122: =SUM(F119:F121) -> 0.5
...

Sheet F. Accesibilidad y uso
A2: ALCALDÍA DE SANTIAGO DE CALI
A3: DEPARTAMENTO ADMINISTRATIVO DE PLANEACIÓN
A4: PLAN ESTADÍSTICO DISTRITAL DE SANTIAGO DE CALI
A5: 2024
A7: Accesibilidad y uso
A9: ¿Qué mide? Mide la capacidad de los organismos para garantizar el acceso a la información estadística y su uso efectivo para la toma de decisiones en la Alcaldía de Santiago de Cali.
B11: No | C11: Pregunta | D11: Respuestas | E11: Celda | F11: Dimensiones | G11: Subdimension | H11: Aplica Calculo | I11: Evaluacion_respuesta | J11: Poneracion pregunta | K11: Calculo_ponderacion
B12: 36.1 | C12: Los indicadores existentes en su organismo se usaron para: hacer diagnóstico, seguimiento o evaluación al Plan de Desarrollo Distrital | E12: 385 | F12: Accesibilidad y uso | G12: Disponibilidad y uso | H12: Si | I12: No aplica | J12: 0.33333333 | K12: #VALUE!
B13: 36.2 | C13: Los indicadores existentes en su organismo se usaron para: presentar informes de rendición de cuentas | D13: X | E13: 387 | F13: Accesibilidad y uso | G13: Disponibilidad y uso | H13: Si | I13: 0.25 | J13: 0.33333333 | K13: 0.083333333
B14: 36.3 | C14: Los indicadores existentes en su organismo se usaron para: formular o actualizar el Plan de Ordenamiento Territorial POT vigente | E14: 389 | F14: Accesibilidad y uso | G14: Disponibilidad y uso | H14: Si | I14: No aplica | J14: 0.33333333 | K14: #VALUE!
B15: 36.4 | C15: Los indicadores existentes en su organismo se usaron para: Evaluar las política públicas | E15: 391 | F15: Accesibilidad y uso | G15: Disponibilidad y uso | H15: Si | I15: No aplica | J15: 0.33333333 | K15: #VALUE!
B16: 37.1 | C16: principales usuarios de la información estadística que produce el organismo: Organismos de la misma entidad | D16: X | E16: 393 | F16: Accesibilidad y uso | G16: Disponibilidad y uso | H16: Si | I16: 0.5 | J16: 0.33333333 | K16: 0.16666667
B17: 37.2 | C17: principales usuarios de la información estadística que produce el organismo: Organismos internacionales | E17: 395 | F17: Accesibilidad y uso | G17: Disponibilidad y uso | H17: Si | I17: No aplica | J17: 0.33333333 | K17: #VALUE!
B18: 37.3 | C18: principales usuarios de la información estadística que produce el organismo: Presidencia de la República | E18: 397 | F18: Accesibilidad y uso | G18: Disponibilidad y uso | H18: Si | I18: No aplica | J18: 0.33333333 | K18: #VALUE!
B19: 37.4 | C19: principales usuarios de la información estadística que produce el organismo: Ministerios | E19: 399 | F19: Accesibilidad y uso | G19: Disponibilidad y uso | H19: Si | I19: No aplica | J19: 0.33333333 | K19: #VALUE!
B20: 37.5 | C20: principales usuarios de la información estadística que produce el organismo: Organismos de control | E20: 401 | F20: Accesibilidad y uso | G20: Disponibilidad y uso | H20: Si | I20: No aplica | J20: 0.33333333 | K20: #VALUE!
B21: 37.6 | C21: principales usuarios de la información estadística que produce el organismo: Otras entidades del orden Nacional | E21: 403 | F21: Accesibilidad y uso | G21: Disponibilidad y uso | H21: Si | I21: No aplica | J21: 0.33333333 | K21: #VALUE!
B22: 37.7 | C22: principales usuarios de la información estadística que produce el organismo: Entidades de orden Territorial | E22: 405 | F22: Accesibilidad y uso | G22: Disponibilidad y uso | H22: Si | I22: No aplica | J22: 0.33333333 | K22: #VALUE!
B23: 37.8 | C23: principales usuarios de la información estadística que produce el organismo: gremios | D23: X | E23: 407 | F23: Accesibilidad y uso | G23: Disponibilidad y uso | H23: Si | I23: 0.125 | J23: 0.33333333 | K23: 0.041666667
B24: 37.9 | C24: principales usuarios de la información estadística que produce el organismo: Entidades privadas | D24: X | E24: 409 | F24: Accesibilidad y uso | G24: Disponibilidad y uso | H24: Si | I24: 0.125 | J24: 0.33333333 | K24: 0.041666667
B25: 37.10 | C25: principales usuarios de la información estadística que produce el organismo: academia | D25: X | E25: 411 | F25: Accesibilidad y uso | G25: Disponibilidad y uso | H25: Si | I25: 0.125 | J25: 0.33333333 | K25: 0.041666667
B26: 37.11 | C26: principales usuarios de la información estadística que produce el organismo: publico en general | D26: X | E26: 413 | F26: Accesibilidad y uso | G26: Disponibilidad y uso | H26: Si | I26: 0.125 | J26: 0.33333333 | K26: 0.041666667
B27: 37.12 | C27: principales usuarios de la información estadística que produce el organismo: otros | E27: 414 | F27: Accesibilidad y uso | G27: Disponibilidad y uso | H27: Si | I27: No aplica | J27: 0.33333333 | K27: #VALUE!
B28: 37.13 | C28: No tiene ningún otro usuario de información | E28: 416 | F28: Accesibilidad y uso | G28: Disponibilidad y uso | H28: Si | I28: No aplica | J28: 0.33333333 | K28: #VALUE!
B29: 38.1 | C29: Para la difusión de resultados estadísticos utiliza: Cuadros de salida (tablas) | D29: X | E29: 417 | F29: Accesibilidad y uso | G29: Disponibilidad y uso | H29: Si | I29: 0.33333333 | J29: 0.33333333 | K29: 0.11111111
B30: 38.2 | C30: Para la difusión de resultados estadísticos utiliza: Boletín estadístico | E30: 418 | F30: Accesibilidad y uso | G30: Disponibilidad y uso | H30: Si | I30: No aplica | J30: 0.33333333 | K30: #VALUE!
B31: 38.3 | C31: Para la difusión de resultados estadísticos utiliza: Anuario(Cali en cifras) | E31: 419 | F31: Accesibilidad y uso | G31: Disponibilidad y uso | H31: Si | I31: No aplica | J31: 0.33333333 | K31: #VALUE!
B32: 38.4 | C32: Para la difusión de resultados estadísticos utiliza: Mapas estadísticos elaborados a través de sistemas de información geográfica para georreferenciar y difundir los datos (Indicadores o estadísticas agregadas) | E32: 420 | F32: Accesibilidad y uso | G32: Disponibilidad y uso | H32: Si | I32: No aplica | J32: 0.33333333 | K32: #VALUE!
B33: 38.5 | C33: Para la difusión de resultados estadísticos utiliza Bases de datos interactivas que permite a los usuarios consultar, actualizar y manipular datos de manera dinámica. | D33: X | E33: 421 | F33: Accesibilidad y uso | G33: Disponibilidad y uso | H33: Si | I33: 0.33333333 | J33: 0.33333333 | K33: 0.11111111
B34: 38.6 | C34: Para la difusión de resultados estadísticos utiliza otros productos | E34: 422 | F34: Accesibilidad y uso | G34: Disponibilidad y uso | H34: Si | I34: No aplica | J34: 0.33333333 | K34: #VALUE!
B35: 38.7 | C35: No se realiza difusión | E35: 424 | F35: Accesibilidad y uso | G35: Disponibilidad y uso | H35: Si | I35: No aplica | J35: 0.33333333 | K35: #VALUE!
B36: 39.1 | C36: difunde los resultados estadísticos (Agregados, indicadores), a los usuarios a través de: Página web(Sis, ADDA, PagWeb organismo, SICODE) | D36: X | E36: 425 | F36: Accesibilidad y uso | G36: Accesibilidad | H36: Si | I36: 0.33333333 | J36: 0.25 | K36: 0.083333333
B37: 39.2 | C37: difunde los resultados estadísticos (Agregados, indicadores), a los usuarios a través de: medio físico | D37: X | E37: 427 | F37: Accesibilidad y uso | G37: Accesibilidad | H37: Si | I37: 0.33333333 | J37: 0.25 | K37: 0.083333333
B38: 39.3 | C38: difunde los resultados estadísticos (Agregados, indicadores), a los usuarios a través de: medio electrónico | D38: X | E38: 428 | F38: Accesibilidad y uso | G38: Accesibilidad | H38: Si | I38: 0.33333333 | J38: 0.25 | K38: 0.083333333
B39: 40.1 | C39: publica en la página web o micrositio del organismo para disposición de los grupos de interés: Las bases de datos anonimizadas de las operaciones estadísticas | E39: 431 | F39: Accesibilidad y uso | G39: Accesibilidad | H39: Si | I39: No aplica | J39: 0.25 | K39: #VALUE!
B40: 40.2 | C40: publica en la página web o micrositio del organismo para disposición de los grupos de interés: Resultados de los indicadores producto, ODS y de políticas públicas | E40: 433 | F40: Accesibilidad y uso | G40: Accesibilidad | H40: Si | I40: No aplica | J40: 0.25 | K40: #VALUE!
B41: 40.3 | C41: publica en la página web o micrositio del organismo para disposición de los grupos de interés: Ficha técnica de indicadores | E41: 435 | F41: Accesibilidad y uso | G41: Accesibilidad | H41: Si | I41: No aplica | J41: 0.25 | K41: #VALUE!
B42: 40.4 | C42: publica en la página web o micrositio del organismo para disposición de los grupos de interés: Resultados de los indicadores | E42: 437 | F42: Accesibilidad y uso | G42: Accesibilidad | H42: Si | I42: No aplica | J42: 0.25 | K42: #VALUE!
B43: 40.5 | C43: publica en la página web o micrositio del organismo para disposición de los grupos de interés: Indicadores o estadísticas agregadas georreferenciadas | E43: 439 | F43: Accesibilidad y uso | G43: Accesibilidad | H43: Si | I43: No aplica | J43: 0.25 | K43: #VALUE!
B44: 40.6 | C44: publica en la página web o micrositio del organismo para disposición de los grupos de interés:R esultados de indicadores con sus series históricas | E44: 441 | F44: Accesibilidad y uso | G44: Accesibilidad | H44: Si | I44: No aplica | J44: 0.25 | K44: #VALUE!
B45: 40.7 | C45: publica en la página web o micrositio del organismo para disposición de los grupos de interés: Ficha metodológica de operaciones estadísticas | E45: 443 | F45: Accesibilidad y uso | G45: Accesibilidad | H45: Si | I45: No aplica | J45: 0.25 | K45: #VALUE!
B46: 40.8 | C46: publica en la página web o micrositio del organismo para disposición de los grupos de interés: Documento metodológico de operaciones estadísticas | E46: 445 | F46: Accesibilidad y uso | G46: Accesibilidad | H46: Si | I46: No aplica | J46: 0.25 | K46: #VALUE!
B47: 40.9 | C47: publica en la página web o micrositio del organismo para disposición de los grupos de interés: Cuadros de salida y series históricas de las operaciones estadísticas | E47: 447 | F47: Accesibilidad y uso | G47: Accesibilidad | H47: Si | I47: No aplica | J47: 0.25 | K47: #VALUE!
B48: 40.10 | C48: publica en la página web o micrositio del organismo para disposición de los grupos de interés: Calendario de difusión | E48: 449 | F48: Accesibilidad y uso | G48: Accesibilidad | H48: Si | I48: No aplica | J48: 0.25 | K48: #VALUE!
B49: 40.11 | C49: publica en la página web o micrositio del organismo para disposición de los grupos de interés: Indicadores o estadísticas con desagregación geográfica | E49: 451 | F49: Accesibilidad y uso | G49: Accesibilidad | H49: Si | I49: No aplica | J49: 0.25 | K49: #VALUE!
B50: 40.12 | C50: publica en la página web o micrositio del organismo para disposición de los grupos de interés: Indicadores o estadísticas con desagregación temática o enfoque diferencia e intersectorial | E50: 453 | F50: Accesibilidad y uso | G50: Accesibilidad | H50: Si | I50: No aplica | J50: 0.25 | K50: #VALUE!
B51: 40.13 | C51: publica en la página web o micrositio del organismo para disposición de los grupos de interés: Microdatos | D51: X | E51: 455 | F51: Accesibilidad y uso | G51: Accesibilidad | H51: Si | I51: 0.25 | J51: 0.25 | K51: 0.0625
B52: 40.14 | C52: publica en la página web o micrositio del organismo para disposición de los grupos de interés: Documentos y/o resultados asociados a los observatorios | E52: 457 | F52: Accesibilidad y uso | G52: Accesibilidad | H52: Si | I52: No aplica | J52: 0.25 | K52: #VALUE!
B53: 41.1 | C53: El organismo indaga sí la información disponible en sus plataformas o canales de difusión satisfacen las necesidades de los usuarios | E53: 459 | F53: Accesibilidad y uso | G53: Accesibilidad | H53: Si | I53: No aplica | J53: 0.25 | K53: #VALUE!
B54: 41.2 | C54: El organismo NO indaga sí la información disponible en sus plataformas o canales de difusión satisfacen las necesidades de los usuarios | D54: X | E54: 460 | F54: Accesibilidad y uso | G54: Accesibilidad | H54: Si | I54: 0 | J54: 0.25 | K54: 0
B55: 41.1.1 | C55: para medir la satisfacción de las necesidades de los usarios de la información estadística producida utiliza: Encuestas de satisfacción. | E55: 461 | F55: Accesibilidad y uso | G55: Accesibilidad | H55: Si | I55: No aplica | J55: 0.25 | K55: #VALUE!
B56: 41.1.2 | C56: para medir la satisfacción de las necesidades de los usarios de la información estadística producida utiliza: Entrevistas en profundidad. | E56: 462 | F56: Accesibilidad y uso | G56: Accesibilidad | H56: Si | I56: No aplica | J56: 0.25 | K56: #VALUE!
B57: 41.1.3 | C57: para medir la satisfacción de las necesidades de los usarios de la información estadística producida utiliza: Grupos focales. | E57: 463 | F57: Accesibilidad y uso | G57: Accesibilidad | H57: Si | I57: No aplica | J57: 0.25 | K57: #VALUE!
B58: 41.1.4 | C58: para medir la satisfacción de las necesidades de los usarios de la información estadística producida utiliza: Análisis de comentarios y sugerencias. | E58: 464 | F58: Accesibilidad y uso | G58: Accesibilidad | H58: Si | I58: No aplica | J58: 0.25 | K58: #VALUE!
B59: 41.1.5 | C59: para medir la satisfacción de las necesidades de los usarios de la información estadística producida utiliza: Indicadores de uso | E59: 465 | F59: Accesibilidad y uso | G59: Accesibilidad | H59: Si | I59: No aplica | J59: 0.25 | K59: #VALUE!
B60: 41.1.6 | C60: para medir la satisfacción de las necesidades de los usarios de la información estadística producida utiliza: otros mecanismos | E60: 466 | F60: Accesibilidad y uso | G60: Accesibilidad | H60: Si | I60: No aplica | J60: 0.25 | K60: #VALUE!
B61: =B54 -> 41.2 | C61: NO INDAGA para medir la satisfacción de las necesidades de los usarios de la información estadística producida utiliza | F61: Accesibilidad y uso | G61: Accesibilidad | H61: Si | I61: =I54 -> 0 | J61: 0.25 | K61: #VALUE!
B63: Volver al resultado global
C65: Subdimensión Disponibilidad y uso | D65: Evaluación respuesta | E65: Ponderación pregunta | F65: Cálculo Disponibilidad y uso
C66: Uso de los indicadores del organismo | D66: =SUM(I12:I15) -> 0.25 | E66: =1/3 -> 0.33333333 | F66: =E66*D66 -> 0.083333333
C67: Principales usuarios de la información | D67: =SUM(I16:I28) -> 1 | E67: =1/3 -> 0.33333333 | F67: =E67*D67 -> 0.33333333
C68: Difusión de resultados estadísticos | D68: =SUM(I29:I35) -> 0.66666667 | E68: =1/3 -> 0.33333333 | F68: =E68*D68 -> 0.22222222
C69: Resultado Subdimensión | F69: =SUM(F66:F68) -> 0.63888889
C74: Subdimensión Accesibilidad | D74: Evaluación respuesta | E74: Ponderación pregunta | F74: Cálculo Accesibilidad
C75: Medios usados para la difusión de los resultados estadísticos | D75: =SUM(I36:I38) -> 1 | E75: =1/4 -> 0.25 | F75: =E75*D75 -> 0.25
C76: Elementos publicados en la página web o micrositio a disposición de grupos de interés | D76: =SUM(I39:I52) -> 0.25 | E76: =1/4 -> 0.25 | F76: =E76*D76 -> 0.0625
C77: Evaluación de la satisfacción de necesidades de información de los usuarios | D77: =SUM(I53:I54) -> 0 | E77: =1/4 -> 0.25 | F77: =E77*D77 -> 0
C78: Mecanismos usados para la medición de la satisfacción de necesidades de información de los usuarios | D78: =SUM(I55:I61) -> 0 | E78: =1/4 -> 0.25 | F78: =E78*D78 -> 0
C79: Resultado Subdimensión | F79: =SUM(F75:F78) -> 0.3125
C82: Resultado Dimensión | F82: =(F69*50%)+(F79*50%) -> 0.47569444
C88: Fuente: Estadísticas Distritales - DAP, Alcaldía de Santiago de Cali
C89: Nota: el resultado del índice se presenta como un promedio simple y ponderado de las dimensiones.
C90: Nota: los resultados del índice a nivel de dimensiones y subdimensiones pueden variar año a año en función del reporte en el FICED.
C91: Actualizado Noviembre 2024
